 Dungeon Crawl Stone Soup version 0.24.0-13-gcf9b3192b9 (console) character file.

Game seed: 8572393654834613170, levelgen mode: deterministic

11692 AlterAsc the Grappler (level 11, -1/91 HPs)
             Began as an Octopode Transmuter on Nov 6, 2019.
             Was a High Priest of Sif Muna.
             Slain by Urug
             ... wielding a +3 battleaxe of chopping
              (12 damage)
             ... on level 11 of the Dungeon.
             The game lasted 01:02:19 (12131 turns).

AlterAsc the Grappler (Octopode Transmuter)        Turns: 12131, Time: 01:02:20

Health: -1/91      AC:  9    Str: 17    XL:     11   Next: 81%
Magic:  24/27      EV: 17    Int: 21    God:    Sif Muna [*****.]
Gold:   496        SH:  0    Dex: 12    Spells: 10/20 levels left

rFire    x . .     SeeInvis .     - Unarmed
rCold    + + +     Gourm    .   (shield currently unavailable)
rNeg     . . .     Faith    .   (helmet currently unavailable)
rPois    +         Spirit   .   H - amulet of regeneration
rElec    .         Reflect  .   m - +3 ring of evasion
rCorr    .         Harm     .   f - +3 ring of protection
MR       ++...                  D - +5 ring of intelligence
Stlth    +.........             I - +4 ring of strength
HPRegen  0.65/turn              Q - ring "Jeugg" {MR+ MP+9}
MPRegen  0.20/turn              R - ring of protection from magic
                                (no ring)
                                (no ring)

@: about to teleport, ice-form
A: large, almost no armour, stealthy swim, amphibious, 8 rings, (constrict 8)
a: End Transformation, Channel Magic, Forget Spell, Divine Exegesis, Renounce
Religion


You were on level 11 of the Dungeon.
You worshipped Sif Muna.
Sif Muna was extremely pleased with you.
You were hungry.
You were a creature of crystalline ice.
You visited 2 branches of the dungeon, and saw 12 of its levels.
You also visited: Ossuary.

You collected 666 gold pieces.
You spent 170 gold pieces at shops.

Inventory:

Hand Weapons
 E - a +0 scimitar of flaming
 M - a +2 dagger of distortion
Missiles
 a - 147 arrows
 J - 99 stones (quivered)
Armour
 G - a +2 hat (melded)
Jewellery
 f - a +3 ring of protection (right front paw)
 k - an uncursed amulet of the acrobat
 m - a +3 ring of evasion (left front paw)
 D - a +5 ring of intelligence (on tentacle)
 H - an amulet of regeneration (around neck)
 I - a +4 ring of strength (on tentacle)
 Q - the ring "Jeugg" (on tentacle) {MR+ MP+9}
   (You bought it in a shop on level 11 of the Dungeon)

   [ring of magical power]

   It affects your resistance to hostile enchantments.
   It affects your magic capacity (+9).
 R - a ring of protection from magic (on tentacle)
Wands
 o - a wand of flame (35)
 u - a wand of disintegration (12)
 P - a wand of random effects (28)
Scrolls
 b - 2 scrolls of amnesia
 d - 5 scrolls of enchant armour
 i - 2 scrolls of fear
 l - 2 scrolls of teleportation
 p - 2 scrolls of remove curse
 r - a scroll of vulnerability {unknown}
 s - 4 scrolls of identify
 v - a scroll of magic mapping {unknown}
 x - a scroll of noise {unknown}
 y - a scroll of enchant weapon {unknown}
 B - 2 scrolls of blinking {unknown}
 C - a scroll of immolation
 N - a scroll of fog {unknown}
 S - a scroll of acquirement {unknown}
Potions
 e - a potion of resistance
 g - 4 potions of lignification
 h - a potion of haste {unknown}
 j - 8 potions of curing
 n - 3 potions of flight {unknown}
 q - a potion of might {unknown}
 t - 2 potions of agility
 w - 3 potions of brilliance {unknown}
 z - 2 potions of degeneration {unknown}
 A - 2 potions of mutation {unknown}
 F - a potion of ambrosia {unknown}
 K - a potion of heal wounds {unknown}
 L - a potion of cancellation {unknown}
Comestibles
 c - 10 rations
 O - 3 chunks of flesh


   Skills:
 + Level 7.7 Fighting
 + Level 8.0 Dodging
 * Level 12.0 Unarmed Combat
 - Level 5.0 Spellcasting
 + Level 7.3 Transmutations
 - Level 3.0 Ice Magic


You had 10 spell levels left.
You knew the following spells:

 Your Spells              Type           Power        Failure   Level  Hunger
a - Beastly Appendage     Tmut           #####.       1%          1    None
b - Sticks to Snakes      Tmut           #####...     1%          2    None
c - Spider Form           Tmut/Pois      ###.......   8%          3    ##.....
d - Ice Form              Ice/Tmut       ####....     13%         4    ####...

Your spell library contained the following spells:

 Spells                   Type           Power        Failure   Level  Hunger
 Blade Hands              Tmut           #####.....   14%         5    #####..
 Conjure Flame            Conj/Fire      #.......     32%         3    ##.....
 Irradiate                Conj/Tmut      ###.......   56%         5    #####..
 Fireball                 Conj/Fire      #.........   96%         5    #####..
 Lightning Bolt           Conj/Air       #.........   96%         5    #####..
 Orb of Destruction       Conj           #.........   100%        7    #######
 Chain Lightning          Conj/Air       #.........   100%        8    #######
 Fire Storm               Conj/Fire      #.........   100%        9    #######


Dungeon Overview and Level Annotations

Branches:
Dungeon (11/15)            Temple (1/1) D:7            Lair (0/6) D:11
Ossuary (visited)
    Orc: D:9-12

Altars:
Ashenzari
Dithmenos
Nemelex Xobeh
Sif Muna
Uskayaw
Xom

Shops:
D:11 *

Annotations:
D:5 3 runed translucent doors, ambioz's ghost, novice MiBe
D:9 2 transporters
D:11 Urug


Innate Abilities, Weirdness & Mutations

You cannot wear most types of armour.
You are very stealthy in the water. (Stealth+)
You are amphibious.
You can wear up to eight rings at the same time.
((You can use your tentacles to constrict eight enemies at once.))
((Your skin changes colour to match your surroundings (Stealth+).))
((Your rubbery body absorbs attacks. (AC +1, EV +1)))


Message History

Casting: Ice Form (safe; 13% risk of failure)
Confirm with . or Enter, or press ? or * to list all spells.
You turn into a creature of crystalline ice.
Your +2 hat melds into your body.
You are feeling hungry.
You completely miss Urug.
Urug hits you with a +3 battleaxe of chopping!!
You hit Urug but do no damage. You hit Urug but do no damage.
Urug hits you with a +3 battleaxe of chopping!!
As you read the scroll of teleportation, it crumbles to dust.
You feel strangely unstable.
Urug hits you with a +3 battleaxe of chopping!
* * * LOW HITPOINT WARNING * * *
x2 You pummel Urug!!
You freeze Urug.
Urug is heavily wounded.
You pummel Urug!! You freeze Urug.
Urug is severely wounded.
Urug hits you with a +3 battleaxe of chopping!
You die...

...# #..........#
#######+## ...#
#..........# #'##
######.##### ..# #..##
### ##..# ######'##
### #.......# ..#
#.......###.+ ..#
#.(....Yo...#
..########.......#####
..'......+.......#
..########.......# ###
#.......# ####'####
####### #.## #.....###
#..# ###.#.>.#
####'###


You could see Urug.

Vanquished Creatures
  Erica (D:7)
  A two-headed ogre (D:11)
  Pikel (D:5)
  Maurice (D:7)
  Joseph (D:9)
  Psyche (D:9)
  A troll (D:11)
  2 hippogriffs
  A shadow (D:11)
  A vampire (D:9)
  A wyvern (D:10)
  10 yaks
  Grum (D:9)
  Menkaure (D:7)
  Duvessa (D:6)
  3 ice beasts
  A slave (D:5)
  4 orc warriors
  3 sky beasts
  2 black bears
  3 wolves (D:9)
  8 centaurs
  3 ogres
  A phantom (D:10)
  9 big kobolds
  2 bullfrogs
  A gnoll sergeant (D:7)
  Dowan (D:6)
  A scorpion (D:6)
  5 killer bees (D:10)
  3 wights (D:7)
  4 howler monkeys
  3 crimson imps
  A centaur zombie (D:10)
  3 hounds
  A quasit (D:7)
  A bullfrog skeleton (D:5)
  2 orc priests
  3 jellies
  Jessica (D:3)
  2 iguanas
  Natasha (thrice) (D:2)
  4 orc wizards
  7 worker ants
  5 big kobold zombies (Ossuary)
  A hound skeleton (D:9)
  2 mummies (Ossuary)
  Robin (D:2)
  12 gnolls
  10 adders
  3 shadow imps
  An ooze (D:4)
  3 adder zombies
  3 dart slugs
  A leopard gecko (D:6)
  25 orcs
  3 ball pythons
  9 giant cockroaches
  3 gnoll zombies (Ossuary)
  16 goblins
  7 hobgoblins
  19 jackals
  3 quokkas
  9 bats
  7 frilled lizards
  4 hobgoblin zombies (Ossuary)
  A jackal skeleton (D:4)
  53 kobolds
  5 kobold zombies (Ossuary)
  A leopard gecko skeleton (D:4)
  3 orc zombies (Ossuary)
  10 rats
330 creatures vanquished.

Vanquished Creatures (collateral kills)
  Gastronok (D:7)
  Edmund (D:6)
  A slave (D:5)
  An ogre (D:4)
  2 big kobolds (D:5)
  An adder (D:7)
  An orc (D:6)
  A goblin (D:2)
  2 hobgoblin zombies (Ossuary)
  A kobold zombie (Ossuary)
  An orc zombie (Ossuary)
13 creatures vanquished.

Vanquished Creatures (others)
  A slave (D:5)
  A big kobold (D:5)
  A jackal (D:7)
  4 kobolds (D:5)
7 creatures vanquished.

Grand Total: 350 creatures vanquished

Notes
Turn   | Place    | Note
-------+----------+-------------------------------------------
     0 | D:1      | AlterAsc the Octopode Transmuter began the quest for the
                  | Orb.
     0 | D:1      | Reached XP level 1. HP: 13/13 MP: 3/3
   526 | D:1      | Reached XP level 2. HP: 18/18 MP: 5/5
   941 | D:1      | Learned a level 2 spell: Sticks to Snakes
  1005 | D:1      | Reached XP level 3. HP: 23/23 MP: 6/6
  1713 | D:2      | Learned a level 3 spell: Spider Form
  1757 | D:2      | Reached XP level 4. HP: 21/28 MP: 3/8
  1874 | D:2      | Noticed Natasha
  2005 | D:2      | Killed Natasha
  2560 | D:2      | Noticed Robin
  2572 | D:2      | Reached XP level 5. HP: 28/33 MP: 9/9
  2767 | D:2      | Noticed Natasha
  2773 | D:2      | Killed Robin
  2779 | D:2      | Killed Natasha
  2807 | D:2      | Noticed Natasha
  2863 | D:2      | Killed Natasha
  2863 | D:2      | Reached skill level 5 in Transmutations
  3278 | D:3      | Found a shadowy altar of Dithmenos.
  3279 | D:3      | Noticed Jessica
  3288 | D:3      | Learned a level 4 spell: Ice Form
  3296 | D:3      | Killed Jessica
  3301 | D:3      | Reached XP level 6. HP: 22/38 MP: 7/10
  3528 | D:3      | Found a hide-covered altar of Uskayaw.
  3530 | D:3      | Found a shimmering blue altar of Sif Muna.
  3549 | D:3      | Became a worshipper of Sif Muna the Loreminder
  4941 | D:4      | Reached skill level 4 in Unarmed Combat
  4941 | D:4      | Reached XP level 7. HP: 45/45 MP: 4/11
  5176 | D:4      | Reached * piety under Sif Muna
  5219 | D:5      | Entered Level 5 of the Dungeon
  5293 | D:5      | Found a runed translucent gate.
  5293 | D:5      | Found a runed translucent gate.
  5293 | D:5      | Found a runed translucent gate.
  5297 | D:5      | Noticed ambioz's ghost (novice MiBe)
  5702 | D:5      | Found a sand-covered staircase.
  5707 | Ossuary  | Entered an ossuary
  6163 | Ossuary  | Reached ** piety under Sif Muna
  6597 | D:5      | Noticed Pikel
  6631 | D:5      | Killed Pikel
  6631 | D:5      | Reached skill level 6 in Unarmed Combat
  6631 | D:5      | Reached XP level 8. HP: 27/51 MP: 7/14
  7080 | D:5      | Reached skill level 1 in Ice Magic
  7261 | D:5      | Reached skill level 7 in Unarmed Combat
  7261 | D:5      | Reached XP level 9. HP: 57/57 MP: 11/15
  7292 | D:5      | Reached *** piety under Sif Muna
  7437 | D:6      | Noticed Edmund
  7455 | D:6      | Killed Edmund
  7531 | D:6      | Found a sparkling altar of Nemelex Xobeh.
  7718 | D:6      | Found a shattered altar of Ashenzari.
  7785 | D:6      | Noticed Duvessa
  7785 | D:6      | Noticed Dowan
  7797 | D:6      | Killed Duvessa
  7802 | D:6      | Killed Dowan
  7996 | D:6      | Reached skill level 8 in Unarmed Combat
  8831 | D:7      | Reached skill level 5 in Dodging
  8950 | D:7      | Reached **** piety under Sif Muna
  8970 | D:7      | Reached skill level 5 in Fighting
  9048 | D:7      | Reached skill level 9 in Unarmed Combat
  9069 | D:7      | Found a staircase to the Ecumenical Temple.
  9072 | D:7      | Reached XP level 10. HP: 56/66 MP: 16/16
  9154 | D:7      | Noticed Menkaure
  9162 | D:7      | Killed Menkaure
  9308 | D:7      | Reached ***** piety under Sif Muna
  9554 | D:8      | Noticed Maurice
  9640 | D:8      | Noticed Gastronok
  9669 | D:7      | Killed Gastronok
  9669 | D:7      | Reached skill level 10 in Unarmed Combat
  9709 | D:8      | Found a shimmering altar of Xom.
  9709 | D:8      | Noticed Erica
  9749 | Temple   | Entered the Ecumenical Temple
  9828 | D:7      | Killed Erica
  9871 | D:7      | Identified Sif Muna's Guide on Floating Confrontation (Sif
                  | Muna gifted it to you on level 7 of the Dungeon)
  9871 | D:7      | Received a gift from Sif Muna
  9989 | D:7      | Killed Maurice
 10077 | D:8      | Reached skill level 11 in Unarmed Combat
 10077 | D:8      | Reached XP level 11. HP: 67/74 MP: 14/17
 10369 | D:9      | Found a transporter.
 10413 | D:9      | Noticed Psyche
 10419 | D:9      | Killed Psyche
 10519 | D:9      | Noticed Joseph
 10527 | D:9      | Killed Joseph
 10737 | D:9      | Found a transporter.
 10792 | D:9      | Noticed Grum
 10854 | D:9      | Killed Grum
 11345 | D:10     | Entered Level 10 of the Dungeon
 11526 | D:10     | Reached skill level 5 in Spellcasting
 11912 | D:11     | Found Siagoig's Assorted Antiques.
 11920 | D:11     | Bought a pitted copper ring for 85 gold pieces
 11920 | D:11     | Bought a sapphire ring for 85 gold pieces
 11920 | D:11     | Identified the ring "Jeugg" {MR+ MP+9} (You bought it in a
                  | shop on level 11 of the Dungeon)
 11932 | D:11     | Found a staircase to the Lair.
 11998 | D:11     | Noticed a two-headed ogre
 12003 | D:11     | Killed a two-headed ogre
 12003 | D:11     | Reached skill level 12 in Unarmed Combat
 12124 | D:11     | Noticed Urug
 12131 | D:11     | Slain by Urug

Levels and vault maps discovered:
D:1:      dpeg_arrival_three_bigger_balls, layout_basic
D:2:      layout_rooms, uniq_robin, uniq_natasha
D:3:      layout_loops_ring, nicolae_dithmenos_through_a_glass_darkly,
          grunt_temple_overflow_open, uniq_jessica
D:4:      black_bear_nest_2, layout_loops_corners, first_ration
D:5:      minmay_goblin_kobold_castle, layout_rooms,
          lightli_ossuary_entry_decrepit_ruins, gammafunk_ghost_split,
          kennysheep_generic_room_3, uniq_pikel
D:6:      layout_layer_cave, ashenzari_conservatory_becter, chequers_big_river,
          nemelex_xobeh_ov_fountains_minmay, uniq_duvessa, uniq_edmund
D:7:      layout_basic, minmay_temple_entry_junction_2, uniq_menkaure
D:8:      layout_basic, basic_altar, uniq_erica, uniq_maurice, uniq_gastronok
D:9:      gammafunk_steamed_eel, layout_basic, kennysheep_diamond, uniq_joseph,
          uniq_grum, uniq_psyche
D:10:     layout_basic
D:11:     layout_roguey, lair_entry_dummy, david_orc_1_choice, serial_shops,
          shop, uniq_urug
Temple:   hc_temple_tempest_star

Skill      XL: |  1  2  3  4  5  6  7  8  9 10 11 |
---------------+----------------------------------+-----
Transmutations | 3 4 5 6 7 |  7.3
Spellcasting   | 3 4 5 |  5.0
Fighting       | 2 3 5 6 7 |  7.7
Unarmed Combat | 4 6 7 9 11 12 | 12.0
Dodging        | 3 5 7 8 |  8.0
Ice Magic      | 2 3 |  3.0

Action                   |  1- 3 |  4- 6 |  7- 9 | 10-12 || total
-------------------------+-------+-------+-------+-------++-------
Melee: Unarmed           |    95 |   143 |   443 |   279 ||   960
       Constrict         |    19 |    17 |    14 |       ||    50
       Tentacles         |    14 |    11 |    14 |       ||    39
       Punch             |     1 |     1 |       |       ||     2
       Kick              |       |       |     1 |       ||     1
 Cast: Spider Form       |     1 |    18 |    34 |       ||    53
       Sticks to Snakes  |       |    12 |    24 |    11 ||    47
       Ice Form          |       |       |    15 |    39 ||    54
       Beastly Appendage |       |       |     1 |       ||     1
 Abil: End Transformatio |       |       |     2 |     1 ||     3
  Use: Scroll            |       |     4 |     4 |     3 ||    11
       Potion            |       |       |       |     1 ||     1
 Stab: Sleeping          |    10 |     2 |     2 |       ||    14
       Distracted        |       |     1 |     4 |     2 ||     7
  Eat: Chunk             |     3 |    13 |    11 |    13 ||    40
       Ration            |       |       |     3 |     1 ||     4
Armor: Skin              |     9 |     5 |    42 |    44 ||   100
Dodge: Dodged            |    57 |   111 |   317 |   221 ||   706
